 Dungeon Crawl Stone Soup version 0.30.0-13-g156ef70053 (webtiles) character file.

Game seed: 12525099667701121742

17949 jtron the Slicer (level 12, -7/154 HPs)
             Began as a Red Draconian Monk on May 17, 2023.
             Was an Elder of the Shining One.
             Mangled by a fire elemental (10 damage)
             ... led by Azrael
             ... on level 12 of the Dungeon.
             The game lasted 00:36:03 (12614 turns).

jtron the Slicer (Red Draconian Monk)              Turns: 12614, Time: 00:36:04

Health: -7/154     AC: 26    Str: 21    XL:     12   Next: 23%
Magic:  5/5        EV:  2    Int: 12    God:    the Shining One [****..]
Gold:   677        SH:  8    Dex: 17    Spells: 14/17 levels left

rFire   . . .        a - +9 rapier "Fuxy" {antimagic, rCorr Dex+3 SInv}
rCold   . . .        q - orb {light}
rNeg    + + .        (body armour unavailable)
rPois   +            (helmet currently unavailable)
rElec   +            (cloak currently unavailable)
rCorr   +            (gloves currently unavailable)
SInv    +            (boots currently unavailable)
Will    .....        (no amulet)
Stlth   +            o - +5 ring of evasion
HPRegen 0.45/turn    r - ring "Axzus" {rElec rCorr Str+7 Dex-3 Slay+4}
MPRegen 0.09/turn

%: no passive effects
@: divinely shielded, tree-form, spiked, hasted, glowing, very quick
A: stationary, stasis, torment immunity, boosted hp, (breathe fire), AC +8,
unfitting armour, (fire resistance 1), (cold-blooded)
a: Renounce Religion, Divine Shield, Cleansing Flame


You were on level 12 of the Dungeon.
You worshipped the Shining One.
The Shining One was greatly pleased with you.
You were a tree.
You visited 3 branches of the dungeon, and saw 15 of its levels.

You collected 677 gold pieces.

Inventory:

Hand Weapons
 a - the +9 rapier "Fuxy" (weapon) {antimagic, rCorr Dex+3 SInv}
   (You found it on level 4 of the Dungeon)

   Dex:       It affects your dexterity (+3).
   SInv:      It lets you see invisible.
   rCorr:     It protects you from acid and corrosion.
 b - the +4 sling of Guile {flame, rN+ Dex+3}
   (You found it on level 6 of the Dungeon)

   Dex:       It affects your dexterity (+3).
   rN:        It protects you from negative energy.
Missiles
 d - 117 stones
 g - 41 poisoned darts (quivered)
 h - 6 atropa-tipped darts
 i - 10 boomerangs
Armour
 q - an orb of light (worn)
Jewellery
 o - a +5 ring of evasion (left branch)
 p - an amulet of faith
 r - the ring "Axzus" (right branch) {rElec rCorr Str+7 Dex-3 Slay+4}
   (You found it on level 3 of the Dungeon)

   [ring of resist corrosion]

   Str:       It affects your strength (+7).
   Dex:       It affects your dexterity (-3).
   Slay:      It affects your accuracy & damage with ranged weapons and melee
   (+4).
   rElec:     It insulates you from electricity.
   rCorr:     It protects you from acid and corrosion.
 z - a ring of wizardry
 B - a +4 ring of slaying
Wands
 n - a wand of mindburst (7)
 C - a wand of charming (5)
Scrolls
 j - a scroll of teleportation
 l - a scroll of blinking
 u - a scroll of fear
 y - 2 scrolls of identify
 E - a scroll of amnesia
 G - a scroll of butterflies
Potions
 c - 2 potions of brilliance
 e - 2 potions of berserk rage
 f - a potion of ambrosia
 s - 2 potions of flight
 t - 3 potions of resistance
 v - 2 potions of mutation
 x - 2 potions of magic
 F - a potion of might
 H - a potion of cancellation {unknown}


   Skills:
 + Level 8.9 Fighting
 + Level 12.9 Short Blades
 + Level 4.5 Ranged Weapons
 + Level 6.5 Throwing
 - Level 6.0 Dodging
 + Level 0.4 Shields
 - Level 4.4 Unarmed Combat
 * Level 3.3 Spellcasting
 * Level 3.3 Summonings
 + Level 5.0 Invocations
 + Level 3.8 Evocations


You had 14 spell levels left.
You knew the following spells:

 Your Spells              Type           Power      Damage    Failure   Level
a - Call Canine Familiar  Summ           10%        N/A       19%         3

Your spell library contained the following spells:

 Spells                   Type           Power      Damage    Failure   Level
 Summon Small Mammal      Summ           40%        N/A       6%          1
 Sandblast                Erth           2%         2d4       24%         1
 Summon Guardian Golem    Hex/Summ       6%         N/A       34%         3
 Blink                    Tloc           2%         N/A       36%         2
 Ensorcelled Hibernation  Hex/Ice        2%         N/A       36%         2
 Lesser Beckoning         Tloc           2%         N/A       36%         2
 Passwall                 Tmut/Erth      0%         N/A       36%         2
 Gell's Gravitas          Tloc           1%         N/A       58%         3
 Spider Form              Tmut/Pois      1%         N/A       58%         3
 Stone Arrow              Conj/Erth      2%         3d7       58%         3
 Teleport Other           Tloc           1%         N/A       58%         3
 Anguish                  Hex/Necr       0%         N/A       94%         4
 Manifold Assault         Tloc           1%         N/A       94%         4
 Summon Forest            Summ/Tloc      3%         N/A       97%         5
 Summon Mana Viper        Hex/Summ       6%         N/A       97%         5
 Summon Cactus Giant      Summ           5%         N/A       100%        6
 Storm Form               Tmut/Air       0%         N/A       100%        7


Dungeon Overview and Level Annotations

Branches:
Dungeon (12/15)            Temple (1/1) D:7            Lair (2/5) D:8
 Spider (0/4) Lair:2          Orc (0/2) D:11
  Swamp: Lair:2-3    Shoals: Lair:2-3

Altars:
Ashenzari
Cheibriados
Dithmenos
Elyvilon
Fedhas
Gozag
Hepliaklqana
Kikubaaqudgha
Makhleb
Nemelex Xobeh
Okawaru
Qazlal
Ru
Sif Muna
Trog
Uskayaw
Vehumet
Wu Jian
Xom
Yredelemnul
Zin
The Shining One

Shops:
D:10 *

Annotations:
D:9 2 runed translucent doors
D:10 3 runed translucent doors, exclusion: obsidian statue, Ritel's ghost, journeyman DjIE
D:12 Azrael


Innate Abilities, Weirdness & Mutations

You are a tree.
Your roots penetrate the ground, keeping you stationary.
You cannot be teleported.
You are immune to unholy pain and torment.
Your maximum health is greatly increased.
Your equipment is partially melded.
((You can breathe blasts of fire.))
((Your fiery red scales are hard. (AC +8)))
You cannot fit into any form of body armour.
((Your flesh is heat resistant. (rF+)))
((You are cold-blooded and may be slowed by cold attacks.))


Message History

You feel better.
You hit the fire elemental.
The fire elemental is lightly damaged.
The fire elemental hits you.
You hit the fire elemental.
The fire elemental is moderately damaged.
You barely miss the fire elemental.
The fire elemental is moderately damaged.
The fire elemental barely misses you.
You barely miss the manticore. You puncture the manticore!
The manticore is lightly wounded.
The manticore bites you but does no damage.
The manticore claws you but does no damage. x2
The fire elemental hits you. The fire elemental burns you!
* * * LOW HITPOINT WARNING * * *
You impale the manticore!!
The manticore is heavily wounded.
You puncture the manticore!
The manticore is almost dead.
You hear a skittering sound.
You hit the manticore but do no damage.
The manticore is almost dead.
The fire elemental hits you. The fire elemental burns you!
* * * LOW HITPOINT WARNING * * *
The manticore bites you!
* * * LOW HITPOINT WARNING * * *
The manticore claws you but does no damage. x2
You hit the manticore but do no damage.
The manticore is almost dead.
You hit the manticore.
The manticore is almost dead.
The fire elemental hits you. The fire elemental burns you!
* * * LOW HITPOINT WARNING * * *
The manticore bites you but does no damage.
The manticore claws you but does no damage. x2
You puncture the manticore!
You kill the manticore!
The fire elemental hits you. The fire elemental burns you!
You die...

#... #.. ....#+##..
# ...○○.#...#
..○☼.#.#.# h°☼.#....
.hR#†#.# ##.°#♣#.#
###.hh#E#.#
#....E#h#.####.##
#....E#E#........
#.....#Q#.#######..#
#....○#R..........#
#....○○.....#######
#.Q.........#
#.#.#.#[#...#


You could see Azrael, 2 fire elementals, a tengu conjurer and a hell hound.

Vanquished Creatures
  A two-headed ogre (D:9)
  An ugly thing (D:11)
  A wolf spider (D:12)
  2 manticores (D:12)
  A cyclops (D:12)
  4 elephants
  A gargoyle (D:11)
  A black mamba (Lair:1)
  A cane toad (Lair:1)
  4 unseen horrors
  A rime drake (Lair:1)
  Maggie (D:6)
  A komodo dragon (Lair:1)
  5 trolls
  A wyvern (D:7)
  3 wraiths
  2 basilisks (Lair:1)
  2 vampires (D:10)
  23 yaks
  2 steam dragons
  A vampire mosquito (D:12)
  3 wargs (Lair:1)
  Duvessa (D:6)
  5 water moccasins
  An orc warrior (D:8)
  2 sky beasts (D:7)
  An ogre (D:6)
  4 centaurs
  16 wolves (Lair:1)
  6 bullfrogs
  7 kobold brigands
  2 gnoll sergeants (D:11)
  5 scorpions
  7 wights (D:8)
  Dowan (D:6)
  A killer bee (D:5)
  A howler monkey (D:10)
  A jelly (D:6)
  5 hounds
  2 orc priests
  4 iguanas
  8 orc wizards
  9 gnolls (D:11)
  4 adders
  A shadow imp (D:6)
  A white imp (D:8)
  An ufetubus (D:4)
  2 dart slugs
  2 worms
  13 orcs
  3 bats
  3 endoplasms
  5 giant cockroaches
  3 goblins
  7 hobgoblins
  3 jackals (D:2)
  8 ball pythons
  4 frilled lizards
  37 kobolds
  4 rats
252 creatures vanquished.

Vanquished Creatures (collateral kills)
  An elephant (Lair:2)
1 creature vanquished.

Vanquished Creatures (others)
  A shadow imp (D:7)
1 creature vanquished.

Grand Total: 254 creatures vanquished

Notes
Turn   | Place    | Note
-------+----------+-------------------------------------------
     0 | D:1      | jtron the Draconian Monk began the quest for the Orb.
     0 | D:1      | Reached XP level 1. HP: 19/19 MP: 1/1
   231 | D:1      | Reached XP level 2. HP: 26/26 MP: 2/2
  1107 | D:1      | Found a faded altar of an unknown god.
  1203 | D:2      | Reached XP level 3. HP: 28/33 MP: 3/3
  1836 | D:2      | Reached XP level 4. HP: 40/40 MP: 4/4
  2107 | D:3      | Identified the ring "Axzus" {rElec rCorr Str+7 Dex-3
                  | Slay+4}
  2315 | D:3      | Noticed a scorpion
  2320 | D:3      | Killed a scorpion
  2321 | D:3      | Reached skill level 1 in Ranged Weapons
  2321 | D:3      | Reached skill level 1 in Throwing
  2427 | D:3      | Found a basalt altar of Yredelemnul.
  2837 | D:4      | Reached XP level 5. HP: 45/46 MP: 5/5
  2982 | D:4      | Identified the +9 rapier "Fuxy" {antimagic, rCorr Dex+3
                  | SInv}
  3447 | D:5      | Entered Level 5 of the Dungeon
  3503 | D:5      | Reached skill level 1 in Short Blades
  3503 | D:5      | Reached XP level 6. HP: 52/52 MP: 2/6
  3605 | D:5      | Found a sand-covered staircase.
  3711 | D:5      | Reached skill level 2 in Short Blades
  3942 | D:5      | Your scales start taking on a fiery red colour.
  3942 | D:5      | Reached XP level 7. HP: 59/59 MP: 2/7
  3942 | D:5      | Gained mutation: Your flesh is heat resistant. (rF+) [Red
                  | Draconian growth]
  4223 | D:6      | Reached skill level 3 in Short Blades
  4299 | D:6      | Identified the +4 sling of Guile {flame, rN+ Dex+3}
  4402 | D:6      | Noticed Duvessa
  4402 | D:6      | Noticed Dowan
  4411 | D:6      | Killed Duvessa
  4412 | D:6      | Reached skill level 4 in Short Blades
  4417 | D:6      | Killed Dowan
  4569 | D:6      | Reached skill level 5 in Short Blades
  4573 | D:6      | Reached XP level 8. HP: 59/67 MP: 2/8
  4758 | D:6      | Reached skill level 6 in Short Blades
  4857 | D:6      | Noticed Maggie
  4866 | D:6      | Killed Maggie
  5364 | D:7      | Reached skill level 7 in Short Blades
  5453 | D:7      | Reached skill level 5 in Fighting
  5526 | D:7      | Found a staircase to the Ecumenical Temple.
  5534 | Temple   | Entered the Ecumenical Temple
  5591 | Temple   | Became a worshipper of the Shining One
  5591 | Temple   | Reached * piety under the Shining One
  5591 | Temple   | Reached ** piety under the Shining One
  5623 | D:7      | Reached skill level 8 in Short Blades
  5623 | D:7      | Reached XP level 9. HP: 69/74 MP: 3/9
  5920 | D:7      | Found a shimmering blue altar of Sif Muna.
  6354 | D:8      | Found a staircase to the Lair.
  6437 | D:8      | Reached skill level 9 in Short Blades
  6822 | D:9      | Noticed a fire dragon
  6822 | D:9      | Found a runed translucent door.
  6829 | D:8      | Reached skill level 10 in Short Blades
  6829 | D:8      | Reached skill level 5 in Throwing
  6935 | D:9      | Reached skill level 1 in Invocations
  6935 | D:9      | Reached XP level 10. HP: 77/83 MP: 3/10
  7100 | D:9      | Found a radiant altar of Vehumet.
  7321 | D:9      | Found an iron altar of Okawaru.
  7346 | D:9      | Reached skill level 1 in Evocations
  7484 | D:9      | Noticed a fire dragon
  7486 | D:9      | Noticed an ice dragon
  7486 | D:9      | Found the +2 shield of Resistance {rF++ rC++ Will++}
  7486 | D:9      | Noticed an ice dragon
  7499 | D:9      | Found a runed translucent door.
  7534 | D:9      | Found a sparkling altar of Nemelex Xobeh.
  7710 | D:9      | Found a hazy altar of Hepliaklqana.
  7761 | D:10     | Entered Level 10 of the Dungeon
  7761 | D:10     | Noticed a two-headed ogre
  7787 | Lair:1   | Entered Level 1 of the Lair of Beasts
  7834 | Lair:1   | Noticed a black mamba
  7839 | Lair:1   | Killed a black mamba
  7840 | Lair:1   | Reached skill level 11 in Short Blades
  8010 | Lair:1   | Reached *** piety under the Shining One
  8058 | Lair:1   | Reached skill level 5 in Dodging
  8067 | Lair:1   | Noticed an elephant
  8071 | Lair:1   | Noticed an elephant
  8082 | Lair:1   | Killed an elephant
  8085 | Lair:1   | Noticed an elephant
  8092 | Lair:1   | Killed an elephant
  8116 | Lair:1   | Killed an elephant
  8269 | Lair:1   | Reached XP level 11. HP: 92/92 MP: 4/14
  9053 | Lair:1   | Learned a level 3 spell: Call Canine Familiar
  9067 | Lair:1   | Reached skill level 12 in Short Blades
  9547 | Lair:2   | Reached skill level 1 in Spellcasting
  9547 | Lair:2   | Reached skill level 1 in Summonings
  9547 | Lair:2   | Noticed a wolf spider
  9555 | Lair:2   | Found a hole to the Spider Nest.
  9897 | D:9      | Killed a two-headed ogre
 10975 | D:10     | Found a runed translucent gate.
 10975 | D:10     | Found a runed translucent gate.
 10975 | D:10     | Found a runed translucent gate.
 10975 | D:10     | Found an opulent altar of Gozag.
 10975 | D:10     | Found Ecowax Mah's Assorted Antiques.
 10975 | D:10     | Noticed Ritel's ghost (journeyman DjIE)
 10975 | D:10     | Noticed a deep elf archer
 10975 | D:10     | Noticed an obsidian statue
 11038 | D:10     | Found a blossoming altar of Fedhas.
 11619 | D:11     | Found a staircase to the Orcish Mines.
 11937 | D:11     | Reached XP level 12. HP: 85/103 MP: 5/15
 12540 | D:12     | Reached **** piety under the Shining One
 12563 | D:12     | Reached skill level 5 in Invocations
 12584 | D:12     | HP: 5/103 [poisoned by a wolf spider]
 12589 | D:12     | Noticed Azrael
 12600 | D:12     | HP: 5/103 [manticore/volley of spikes (4)]
 12613 | D:12     | HP: 3/154 [fire elemental[Azrael] (7)]
 12614 | D:12     | Mangled by a fire elemental

Illustrated notes

Levels and vault maps discovered:
D:1:      wander_arrival_peaceful_grave, layout_basic, basic_ecumenical_altar
D:2:      layout_basic
D:3:      layout_rooms, mainiacjoe_overflow_brackets
D:4:      layout_gridville, minmay_a_box_with_orc_wizards_in_it
D:5:      layout_loops_ring, enter_ossuary_5
D:6:      layout_gridville, uniq_maggie, uniq_duvessa
D:7:      layout_loops_ring, nicolae_sif_muna_little_library,
          minmay_temple_entry_slanted, lemuel_flame_loot_1
D:8:      layout_cave_pools, lair_entry_dummy
D:9:      layout_rooms, mainiacjoe_overflow_catwalk,
          mainiacjoe_overflow_small_starburst, kennysheep_mini,
          kennysheep_okawaru_gauntlet, serial_bayou_pond_e,
          minmay_guarded_unrand_resistance
D:10:     layout_basic, fedhas_bush_and_centaur_altar, ebering_ghost_gozag,
          grunt_ministairs_7
D:11:     layout_rooms, orc_0_dummy, serial_curves, eino_curves_02,
          eino_curves_01
D:12:     minmay_the_grid_octo_tiled_octocenter_mashed
          [minmay_the_grid_octo_focus, minmay_the_grid_octo_empty,
          minmay_the_grid_octo_chip, minmay_the_grid_octo_tetromino_candy,
          minmay_the_grid_octo_prize_ultimate_mussel_roller,
          minmay_the_grid_square_5x5_hourglass,
          minmay_the_grid_square_5x5_shrine1,
          minmay_the_grid_square_5x5_shrine2,
          minmay_the_grid_square_5x5_two_walls_b], layout_basic, minivault_28,
          uniq_frances, uniq_azrael
Temple:   hellmonk_temple_of_storms
Lair:1:   beast_lair_carwin_large_4, layout_long_grid
Lair:2:   layout_regular_city, spider_nest_entry_rubble,
          grunt_forest_large_clearing_hut, lemuel_fruit_tree

Skill      XL: |  1  2  3  4  5  6  7  8  9 10 11 12 |
---------------+-------------------------------------+-----
Dodging        | 3 4 5 6 |  6.0
Unarmed Combat | 4 |  4.4
Ranged Weapons | 1 2 3 4 |  4.5
Throwing       | 1 2 3 4 5 6 |  6.5
Fighting       | 4 5 6 7 8 |  8.9
Short Blades   | 1 2 5 8 10 11 12 | 12.9
Invocations    | 1 4 5 |  5.0
Evocations     | 2 3 |  3.8
Spellcasting   | 2 3 |  3.3
Summonings     | 2 3 |  3.3
Shields        | |  0.4

Action                     |  1- 3 |  4- 6 |  7- 9 | 10-12 || total
---------------------------+-------+-------+-------+-------++-------
  Melee: Unarmed           |   111 |    26 |       |       ||   137
         Tailslap          |    17 |     2 |    20 |    88 ||   127
         Rapier            |       |    31 |   157 |   380 ||   568
   Fire: Sling             |       |     4 |    12 |    19 ||    35
  Throw: Boomerang         |     7 |    22 |     8 |     4 ||    41
         Dart              |     9 |     2 |     6 |    54 ||    71
 Invoke: Divine Shield     |       |       |       |     2 ||     2
Ability: Breathe Fire      |       |       |     3 |    10 ||    13
  Evoke: Wand              |       |       |       |    10 ||    10
    Use: Scroll            |       |     8 |     1 |    15 ||    24
         Potion            |       |       |     3 |    11 ||    14
 Armour: Skin              |    32 |     9 |    54 |    63 ||   158
  Dodge: Dodged            |    68 |    36 |   136 |   330 ||   570
  Block: Orb               |       |       |       |    11 ||    11
